 Dungeon Crawl Stone Soup version 0.27.1-34-g3ba077fa99 (webtiles) character file.

Game seed: 1738651417081705202

33005 Skulm the Warrior (level 13, -14/133 HPs)
             Began as a Minotaur Berserker on Jan 29, 2022.
             Was a High Priest of Trog.
             Killed from afar by a wizard (23 damage)
             ... with a fireball
             ... on level 13 of the Dungeon on Feb 3, 2022.
             The game lasted 01:43:18 (21816 turns).

Skulm the Warrior (Minotaur Berserker)             Turns: 21816, Time: 01:43:26

Health: -14/133    AC: 18    Str: 27    XL:     13   Next: 34%
Magic:  12/12      EV: 12    Int:  4    God:    Trog [*****.]
Gold:   567        SH:  5    Dex: 10    Spells: 12/12 levels left

rFire    . . .     SeeInvis .   H - +0 trident
rCold    . . .     Faith    .   (no shield)
rNeg     + . .     Spirit   .   j - +0 plate armour {rN+}
rPois    +         Reflect  +   (helmet restricted)
rElec    .         Harm     .   X - +0 cloak
rCorr    .         Rampage  .   (no gloves)
Will     .....                  f - +1 pair of boots
Stlth    ..........             a - amulet of reflection
HPRegen  0.32/turn              c - +4 ring of evasion
MPRegen  0.13/turn              g - ring of poison resistance

@: mighty, on berserk cooldown, slowed, studying Shields, very slow
A: horns 2, retaliatory headbutt
a: Renounce Religion, Berserk, Trog's Hand, Brothers in Arms


You were on level 13 of the Dungeon.
You worshipped Trog.
Trog was extremely pleased with you.
You visited 1 branch of the dungeon, and saw 13 of its levels.
You also visited: Bailey.

You collected 723 gold pieces.
You spent 156 gold pieces at shops.

Inventory:

Hand Weapons
 H - a +0 trident (weapon)
 S - a +0 halberd
Missiles
 i - 385 stones
 l - 8 silver boomerangs
 C - 53 boomerangs (quivered)
 R - 47 poisoned darts
Armour
 f - a +1 pair of boots (worn)
 j - a +0 plate armour of positive energy (worn)
 N - +0 steam dragon scales
 X - a +0 cloak (worn)
Jewellery
 a - an amulet of reflection (around neck)
 c - a +4 ring of evasion (left hand)
 g - a ring of poison resistance (right hand)
 O - an amulet of regeneration
Wands
 s - a wand of flame (50)
 t - a wand of paralysis (7)
 Q - a wand of charming (4)
 V - a wand of mindburst (15)
 W - a wand of iceblast (12)
Scrolls
 d - a scroll of magic mapping {unknown}
 e - 11 scrolls of identify
 o - a scroll of fog
 p - 9 scrolls of teleportation
 q - 2 scrolls of blinking
 r - 2 scrolls of vulnerability
 u - a scroll of summoning {unknown}
 w - 2 scrolls of amnesia {unknown}
 x - a scroll of torment {unknown}
 y - a scroll of enchant armour {unknown}
 B - a scroll of silence {unknown}
 G - 2 scrolls of holy word {unknown}
 I - 5 scrolls of fear
 J - 3 scrolls of enchant weapon {unknown}
 L - a scroll of acquirement
Potions
 h - 2 potions of haste
 k - 2 potions of resistance {unknown}
 m - 2 potions of magic
 n - 2 potions of flight {unknown}
 z - a potion of cancellation
 A - 2 potions of lignification {unknown}
 E - a potion of might
 F - a potion of degeneration {unknown}
 K - a potion of experience
 M - a potion of ambrosia
 P - a potion of invisibility
 U - a potion of attraction {unknown}


   Skills:
 * Level 17.4 Fighting
 + Level 13.1 Polearms
 + Level 8.8 Throwing
 + Level 10.7 Armour
 - Level 2.1 Dodging
 + Level 4.6 Evocations


You had 12 spell levels left.
You didn't know any spells.
Your spell library was empty.

Dungeon Overview and Level Annotations

Branches:
Dungeon (13/15)            Temple (0/1) D:4            Lair (0/6) D:8
    Orc (0/2) D:11         Vaults (0/5) D:13         Bailey (visited)

Altars:
Ashenzari
Gozag
Makhleb
Okawaru
Uskayaw
Vehumet
Xom
Yredelemnul
Zin

Shops:
D:11 [(


Innate Abilities, Weirdness & Mutations

You have a pair of horns on your head.
You reflexively headbutt those who attack you in melee.


Message History

The vault guard hits you with a +0 battleaxe.
You closely miss the vault guard.
The vault guard is severely wounded.
The vault guard hits you with a +0 battleaxe!
You hit the vault guard.
The vault guard is severely wounded.
The vault guard barely misses you. You furiously retaliate!
You headbutt the vault guard, but do no damage.
You puncture the vault guard!
The vault guard is almost dead.
Something hits you but does no damage.
The vault guard hits you with a +0 battleaxe!
* * * LOW HITPOINT WARNING * * *
You barely miss the vault guard.
The vault guard is almost dead.
Something hits you but does no damage.
The vault guard hits you with a +0 battleaxe!!
* * * LOW HITPOINT WARNING * * *
You feel very mighty all of a sudden. Something hits you but does no damage.
The vault guard hits you with a +0 battleaxe!
* * * LOW HITPOINT WARNING * * *
Something hits you but does no damage.
You puncture the vault guard!
You kill the vault guard!
Trog accepts your kill.
You closely miss something. You headbutt something!
Something hits you but does no damage.
You impale something!! Your headbutt misses something.
You hear some strange, mumbled words.
Throw: 53 boomerangs
Press: ? - help, Q - select action, (/) - cycle Shift-Dir - straight line
Okay, then.
Reach: H) +0 trident
Press: ? - help, Dir - move target You reach to attack!
You closely miss something.
You hear some strange, mumbled words.
A fireball appears from out of thin air!
The fireball explodes!
The fireball engulfs you!!
You die...

#......###. #..........
##.######...
#############.##...........
#.=...#...[.#.....#.(###...
#.#(....'†)...#.###.>..###...
#.#..⌠..†..⌠..#.#...#.>......
#.#.....'...§.#.#.....#......
#.#.....#..)@†#.#..#..>.##...
#.##'''###')†##.#....#####.#.
##.#.....#...){#.#......###...
#..'.....#.....#.#......##...#
#..'..⌠..#..∩..#.#..#.........
#..'.....#/...)#............#.
#..#.....#$?.$$#.........####.
#.÷#############.........# #.
#.÷)...............##....####.


There were no monsters in sight!

Vanquished Creatures
  An orc warlord (Bailey)
  4 boulder beetles
  A vault guard (D:13)
  2 centaur warriors
  4 hydras
  A tengu warrior (D:13)
  6 two-headed ogres
  Nergalle (D:10)
  A wizard (D:13)
  3 necromancers (D:13)
  An orc knight (D:11)
  An ugly thing (D:9)
  3 cyclopes
  3 gargoyles
  An efreet (D:9)
  An unseen horror (D:11)
  4 trolls
  The ghost of MisterFreud the Nimble, a novice FeBe of Trog (D:7)
  4 hornets
  2 slime creatures (D:11)
  A shadow (D:9)
  A vampire (D:12)
  2 wraiths
  A spriggan (D:7)
  4 yaks (D:11)
  A wyvern (D:9)
  18 humans (D:13)
  11 vampire mosquitoes
  A steam dragon (D:8)
  2 wargs (D:8)
  An acid dragon (D:10)
  A black bear (D:6)
  An ice beast (D:8)
  11 orc warriors
  5 centaurs
  4 necrophages
  4 ogres
  2 kobold brigands
  A bullfrog (D:6)
  A gnoll sergeant (D:12)
  5 scorpions
  4 killer bees (D:7)
  9 wights (D:9)
  3 electric eels (D:6)
  2 howler monkeys (D:9)
  9 centaur zombies
  2 hounds
  5 orc priests
  Crazy Yiuf (D:3)
  A bullfrog skeleton (D:3)
  A centaur skeleton (D:6)
  4 iguanas
  Terence (D:3)
  6 orc wizards
  A killer bee zombie (D:7)
  2 hound skeletons
  2 howler monkey zombies
  6 gnolls
  7 adders
  2 white imps
  An ufetubus (D:5)
  A worm (D:2)
  The ghost of Jazqba the Sneak, a weakling HODe (D:5)
  A dart slug (D:4)
  24 orcs
  12 ball pythons
  3 endoplasms
  5 giant cockroaches
  5 hobgoblins
  3 jackals (D:1)
  5 quokkas
  3 bats
  5 frilled lizards
  15 goblins
  29 kobolds
  2 rats (D:2)
306 creatures vanquished.

Vanquished Creatures (others)
  63 plants
63 creatures vanquished.

Grand Total: 369 creatures vanquished

Notes
Turn   | Place    | Note
-------+----------+-------------------------------------------
     0 | D:1      | Skulm the Minotaur Berserker began the quest for the Orb.
     0 | D:1      | Reached XP level 1. HP: 19/19 MP: 0/0
   260 | D:1      | Reached skill level 4 in Fighting
   261 | D:1      | Reached XP level 2. HP: 19/27 MP: 1/1
  1181 | D:2      | Reached XP level 3. HP: 34/34 MP: 2/2
  1287 | D:2      | Reached ** piety under Trog
  1290 | D:2      | Reached skill level 5 in Fighting
  1426 | D:2      | Reached XP level 4. HP: 38/42 MP: 3/3
  1632 | D:2      | Found a faded altar of an unknown god.
  1857 | D:3      | Found a basalt altar of Yredelemnul.
  1858 | D:3      | Found an iron altar of Okawaru.
  1859 | D:3      | Found a broken altar of Ashenzari.
  1860 | D:3      | Found a radiant altar of Vehumet.
  1983 | D:3      | Noticed Terence
  1996 | D:3      | Killed Terence
  2177 | D:2      | Reached skill level 6 in Fighting
  2177 | D:2      | Reached skill level 5 in Polearms
  2177 | D:2      | Reached XP level 5. HP: 35/50 MP: 4/4
  2454 | D:3      | Found a runed translucent door.
  2455 | D:3      | Noticed Crazy Yiuf
  2959 | D:3      | Killed Crazy Yiuf
  2960 | D:3      | Reached skill level 7 in Fighting
  3086 | D:4      | Reached XP level 6. HP: 47/60 MP: 5/5
  3188 | D:4      | Found a staircase to the Ecumenical Temple.
  3292 | D:4      | Found an opulent altar of Gozag.
  3292 | D:4      | Found a glowing silver altar of Zin.
  3748 | D:4      | Reached *** piety under Trog
  3777 | D:4      | Reached skill level 8 in Fighting
  3777 | D:4      | Reached XP level 7. HP: 22/68 MP: 6/6
  4248 | D:5      | Entered Level 5 of the Dungeon
  4408 | D:5      | Reached skill level 9 in Fighting
  4564 | D:5      | Found a large runed translucent door.
  4564 | D:5      | Found a large runed translucent door.
  4568 | D:5      | Noticed Jazqba's ghost (weakling HODe)
  4579 | D:5      | Killed Jazqba's ghost
  5252 | D:6      | Reached XP level 8. HP: 79/79 MP: 7/7
  5315 | D:6      | Reached skill level 10 in Fighting
  5864 | D:6      | Reached skill level 11 in Fighting
  6917 | D:7      | Noticed a boulder beetle
  6933 | D:7      | Killed a boulder beetle
  6934 | D:7      | Reached skill level 12 in Fighting
  6934 | D:7      | Reached XP level 9. HP: 90/90 MP: 8/8
  7529 | D:7      | Found a hide-covered altar of Uskayaw.
  8179 | D:7      | Noticed MisterFreud's ghost (novice FeBe)
  8180 | D:7      | Found a runed translucent door.
  8221 | D:7      | Killed MisterFreud's ghost
  8222 | D:7      | Reached skill level 5 in Armour
  8654 | D:8      | Found a flagged portal.
  8672 | D:8      | Reached skill level 13 in Fighting
  8690 | D:8      | Reached **** piety under Trog
  8841 | Bailey   | Entered a bailey
  8846 | Bailey   | Noticed an orc warlord
  8860 | Bailey   | Reached XP level 10. HP: 94/101 MP: 9/9
  9240 | Bailey   | Found a runed translucent gate.
  9242 | Bailey   | Found a runed translucent gate.
  9260 | Bailey   | Found a runed translucent gate.
  9366 | Bailey   | Killed an orc warlord
  9367 | Bailey   | Reached skill level 10 in Polearms
 10187 | D:8      | Noticed a two-headed ogre
 10202 | D:8      | Killed a two-headed ogre
 10591 | D:8      | Reached skill level 14 in Fighting
 10720 | D:8      | Found a staircase to the Lair.
 10735 | D:8      | Reached skill level 5 in Throwing
 11247 | D:8      | Noticed a gargoyle
 11260 | D:8      | Killed a gargoyle
 11569 | D:9      | Paralysed by a hornet for 1 turns
 11797 | D:9      | Reached XP level 11. HP: 105/111 MP: 10/10
 11921 | D:9      | Noticed a centaur warrior
 11935 | D:9      | Killed a centaur warrior
 12152 | D:9      | Identified the +3 falchion "Poew" {vorpal, Str+2 Int+3
                  | Stlth+}
 12177 | D:9      | Noticed a two-headed ogre
 12187 | D:9      | Killed a two-headed ogre
 12214 | D:9      | Noticed a red ugly thing
 12228 | D:9      | Killed a red ugly thing
 12242 | D:9      | Noticed a six-headed hydra
 13175 | D:9      | Killed a six-headed hydra
 13176 | D:9      | Reached skill level 15 in Fighting
 14298 | D:10     | Entered Level 10 of the Dungeon
 14674 | D:10     | Noticed a two-headed ogre
 14689 | D:10     | Killed a two-headed ogre
 14895 | D:10     | Noticed Nergalle
 14906 | D:10     | Noticed a spectral orc warlord
 14908 | D:10     | Killed Nergalle
 15584 | D:11     | Noticed a boulder beetle
 15642 | D:11     | Killed a boulder beetle
 15936 | D:11     | Reached skill level 1 in Evocations
 15936 | D:11     | Reached XP level 12. HP: 60/122 MP: 11/11
 16039 | D:11     | Reached ***** piety under Trog
 16222 | D:11     | Found a burning altar of Makhleb.
 16288 | D:11     | Found Edgheuk's Weapon Shop.
 16288 | D:11     | Found a staircase to the Orcish Mines.
 16298 | D:11     | HP: 3/122 [something (9)]
 16663 | D:11     | Reached skill level 16 in Fighting
 16697 | D:11     | Found Nuxups's Armour Shop.
 16786 | D:11     | Bought 8 silver boomerangs for 156 gold pieces
 17317 | D:12     | Noticed a two-headed ogre
 17322 | D:12     | Killed a two-headed ogre
 17325 | D:12     | Noticed an eight-headed hydra
 17337 | D:11     | Killed an eight-headed hydra
 18135 | D:12     | Noticed a two-headed ogre
 18143 | D:12     | Killed a two-headed ogre
 18172 | D:12     | Found a shimmering altar of Xom.
 18966 | D:13     | Noticed a centaur warrior
 18978 | D:13     | Killed a centaur warrior
 19150 | D:13     | Reached skill level 10 in Armour
 19154 | D:13     | Noticed a seven-headed hydra
 19239 | D:13     | Killed a seven-headed hydra
 19672 | D:13     | Noticed a tengu warrior
 19683 | D:13     | Killed a tengu warrior
 19716 | D:13     | Noticed a five-headed hydra
 19729 | D:12     | Killed a five-headed hydra
 19964 | D:13     | Noticed a boulder beetle
 20684 | D:12     | Killed a boulder beetle
 20685 | D:12     | Reached skill level 17 in Fighting
 20685 | D:12     | Reached XP level 13. HP: 73/132 MP: 12/12
 21769 | D:13     | Found a gate to the Vaults.
 21816 | D:13     | Killed from afar by a wizard

Illustrated notes

Levels and vault maps discovered:
D:1:      minmay_arrival_checkered_box, layout_basic, minmay_misc_feat_hallway
D:2:      layout_rooms, hellmonk_ecumenical_altar_zigzags
D:3:      layout_loops_cross, mainiacjoe_overflow_alcove_3, kennysheep_donut,
          serial_bayou_lagoon_b, uniq_terence, uniq_crazy_yiuf_cottage
D:4:      layout_basic, grunt_temple_overflow_gold_and_silver,
          minmay_temple_entry_mini_moons, minmay_manual_mares
D:5:      layout_cave_pools, ebering_ghost_disaster_area
D:6:      layout_basic, serial_bayou, serial_bayou_crossing,
          serial_bayou_pond_b, serial_bayou_lagoon_a, serial_bayou_lake_a
D:7:      layout_gridville, mainiacjoe_overflow_alcove_1, gammafunk_ghost_grave,
          the_hattery
D:8:      layout_gridville, erik_lair_orcish_takeover, enter_bailey_5,
          roderic_lattice_a
D:9:      layout_grid_maze, minivault_25_ag, st_stairs_10, minmay_diamond_spiral
D:10:     layout_rooms, uniq_nergalle
D:11:     layout_loops_ring, orc_david_3, bloody_makhleb
D:12:     layout_rooms, mrwooster_statue_mirror, xom_teletrap_fun
D:13:     layout_rooms, grunt_vaults_entry_tiered

Skill      XL: |  1  2  3  4  5  6  7  8  9 10 11 12 13 |
---------------+----------------------------------------+-----
Fighting       | 4 5 6 7 8 9 12 13 14 15 17 | 17.4
Polearms       | 4 5 6 7 9 10 11 12 13 | 13.1
Throwing       | 2 3 5 7 8 |  8.8
Armour         | 3 5 7 9 10 | 10.7
Evocations     | 1 3 4 |  4.6
Dodging        | |  2.1

Action                   |  1- 3 |  4- 6 |  7- 9 | 10-12 | 13-15 || total
-------------------------+-------+-------+-------+-------+-------++-------
Melee: Spear             |    75 |   178 |   239 |       |       ||   492
       Headbutt          |    10 |    33 |    54 |   110 |    34 ||   241
       Trident           |       |       |    28 |   507 |   145 ||   680
Throw: Stone             |    26 |    72 |    88 |    38 |       ||   224
       Boomerang         |       |       |     6 |   204 |     9 ||   219
Invok: Berserk           |       |     3 |     5 |    17 |     4 ||    29
       Trog's Hand       |       |       |       |       |     1 ||     1
Evoke: Wand              |       |       |     2 |     3 |       ||     5
  Use: Scroll            |       |     1 |     4 |     1 |       ||     6
       Potion            |       |       |     3 |     5 |     2 ||    10
Armor: Animal skin       |     5 |       |       |       |       ||     5
       Ring mail         |     8 |     5 |       |       |       ||    13
       Chain mail        |       |    40 |    39 |       |       ||    79
       Plate armour      |       |       |    58 |   236 |    45 ||   339
Dodge: Dodged            |    35 |    72 |   114 |   218 |    53 ||   492
Block: Other             |       |       |       |    20 |    16 ||    36
       Reflection        |       |       |       |     1 |       ||     1
